 Dungeon Crawl Stone Soup version 0.25.1-11-g244df3a29b (webtiles) character file.

Game seed: 10953248177019368482

1659299 DeepDeath the Conqueror (level 27, 249/249 HPs)
             Began as a Formicid Gladiator on Jan 4, 2024.
             Was the Champion of Okawaru.
             Escaped with the Orb
             ... and 3 runes on Jan 6, 2024!
             The game lasted 07:02:43 (81319 turns).

DeepDeath the Conqueror (Formicid Gladiator)       Turns: 81319, Time: 07:02:44

Health: 249/249    AC: 47    Str: 34    XL:     27
Magic:  33/33      EV: 18    Int: 15    God:    Okawaru [******]
Gold:   5613       SH: 34    Dex: 21    Spells: 25/26 levels left

rFire    + + +     SeeInvis +   w - +8 halberd (flame)
rCold    + + .     Gourm    .   X - +3 tower shield {rC+}
rNeg     + + .     Faith    .   Y - +9 scales of the Dragon King {rPois rF+ rC+ MR+}
rPois    +         Spirit   .   (helmet unavailable)
rElec    +         Reflect  +   H - +2 cloak {rCorr}
rCorr    +         Harm     .   G - +2 pair of gloves "Arhiav" {*Contam rF++ Dex+5}
MR       +++..                  T - +2 pair of boots {run}
Stlth    ..........             b - amulet of Lawis {Reflect rElec rC- rN++ Int+2 SH+5}
HPRegen  0.51/turn              V - ring of the Monkey's Uncle {rF+ rC+ Int+3}
MPRegen  0.23/turn              d - +6 ring of strength

@: quick
A: permanent stasis, dig shafts and tunnels, four strong arms, antennae 3,
screaming 1, strong 1
0: Orb of Zot
}: 3/15 runes: barnacled, silver, gossamer
a: Dig, Shaft Self, Heroism, Finesse, Renounce Religion


You escaped.
You worshipped Okawaru.
Okawaru was exalted by your worship.
You were very full.

You visited 10 branches of the dungeon, and saw 52 of its levels.
You visited the Abyss 2 times.
You also visited: Bailey, Gauntlet and Volcano.

You collected 10246 gold pieces.
You spent 4633 gold pieces at shops.

Inventory:

Hand Weapons
 e - the +3 battleaxe of Siaffacryr {freeze, *Noise rC+ rN+ Dex+6}
   (You took it off a deep elf high priest on level 4 of the Depths)

   It has been specially enchanted to freeze those struck by it, causing extra
   injury to most foes and up to half again as much damage against particularly
   susceptible opponents.
   It can also slow down cold-blooded creatures.
   It affects your dexterity (+6).
   It protects you from cold.
   It protects you from negative energy.
   It may make noises in combat.
 q - the +6 fustibalus of Ronira {freeze, rC+ MR+}
   (You took it off the Enchantress on level 2 of the Depths)

   It causes projectiles fired from it to freeze those they strike, causing
   extra injury to most foes and up to half again as much damage against
   particularly susceptible opponents.
   They can also slow down cold-blooded creatures.
   It protects you from cold.
   It affects your resistance to hostile enchantments.
 s - a +7 executioner's axe of flaming
 v - a +7 vampiric battleaxe
 w - a +8 halberd of flaming (weapon)
Missiles
 x - 236 sling bullets
 A - 16 silver boomerangs
 N - 6 throwing nets
 S - 55 silver javelins (quivered)
 Z - 20 curare-tipped darts
Armour
 G - the +2 pair of gloves "Arhiav" (worn) {*Contam rF++ Dex+5}
   (Okawaru gifted it to you on level 6 of the Lair of Beasts)

   It affects your dexterity (+5).
   It greatly protects you from fire.
   It causes magical contamination when unequipped.
 H - a +2 cloak of preservation (worn)
 M - a scarf of resistance
 T - a +2 pair of boots of running (worn)
 X - a +3 tower shield of cold resistance (worn)
 Y - the +9 scales of the Dragon King (worn) {rPois rF+ rC+ MR+}
   (You found it on level 2 of the Crypt)

   It protects you from fire.
   It protects you from cold.
   It protects you from poison.
   It affects your resistance to hostile enchantments.
Jewellery
 b - the amulet of Lawis (around neck) {Reflect rElec rC- rN++ Int+2 SH+5}
   (You acquired it on level 1 of the Realm of Zot)

   [amulet of reflection]

   It shields you and reflects attacks.
   It affects your intelligence (+2).
   It makes you vulnerable to cold.
   It insulates you from electricity.
   It greatly protects you from negative energy.
   It affects your SH (+5).
 d - a +6 ring of strength (right hand)
 g - the ring "Cidaggav" {*Corrode rN+ MR+ Stlth-}
   (You took it off a vault warden on level 5 of the Vaults)

   [ring of attention]

   It protects you from negative energy.
   It affects your resistance to hostile enchantments.
   It may corrode you when you take damage.
   It makes you less stealthy.
 V - the ring of the Monkey's Uncle (left hand) {rF+ rC+ Int+3}
   (You found it in a Gauntlet)

   [ring of protection from fire]

   It affects your intelligence (+3).
   It protects you from fire.
   It protects you from cold.
Wands
 h - a wand of clouds (5)
 i - a wand of enslavement (7)
 k - a wand of iceblast (26)
 y - a wand of paralysis (24)
 C - a wand of acid (28)
 I - a wand of digging (37)
 O - a wand of disintegration (45)
Scrolls
 j - 10 scrolls of fog
 l - 19 scrolls of remove curse
 o - 11 scrolls of identify
 p - a scroll of silence
 u - 6 scrolls of noise
 E - 9 scrolls of fear
 J - a scroll of summoning
 Q - a scroll of holy word
 R - a scroll of brand weapon
 W - 4 scrolls of magic mapping
Potions
 c - 12 potions of heal wounds
 n - 18 potions of curing
 r - 5 potions of invisibility
 t - 2 potions of ambrosia
 z - 10 potions of flight
 D - a potion of might
 F - 4 potions of mutation
 L - 2 potions of cancellation
 P - 5 potions of resistance
 U - 5 potions of stabbing
Miscellaneous
 m - a phial of floods
 B - 5 boxes of beasts
 K - 3 phantom mirrors
Comestibles
 f - 41 rations


   Skills:
 O Level 27 Fighting
 - Level 19.2(21.0) Axes
 - Level 15.3(19.1) Polearms
 - Level 10.9(14.7) Slings
 - Level 15.0(16.0) Throwing
 - Level 25.0 Armour
 + Level 14.0 Dodging
 + Level 12.1 Stealth
 - Level 21.1 Shields
 - Level 14.0 Invocations
 - Level 7.0 Evocations


You had 25 spell levels left.
You knew the following spells:

 Your Spells              Type           Power        Failure   Level  Hunger
a - Apportation           Tloc           #.....       80%         1    ##.....

Your spell library contained the following spells:

 Spells                   Type           Power        Failure   Level  Hunger
 Animate Skeleton         Necr           N/A          80%         1    ##.....
 Beastly Appendage        Tmut           #.....       80%         1    ##.....
 Corona                   Hex            #......      80%         1    ##.....
 Foxfire                  Conj/Fire      #...         80%         1    ##.....
 Freeze                   Ice            #...         80%         1    ##.....
 Magic Dart               Conj           #...         80%         1    ##.....
 Pain                     Necr           #...         80%         1    ##.....
 Shock                    Conj/Air       #...         80%         1    ##.....
 Summon Butterflies       Summ           #.......     80%         1    ##.....
 Summon Small Mammal      Summ           #...         80%         1    ##.....
 Call Imp                 Summ           #.......     91%         2    ###....
 Corpse Rot               Necr/Air       N/A          91%         2    ###....
 Ensorcelled Hibernation  Hex/Ice        #.....       91%         2    ###....
 Passwall                 Tmut/Erth      #.......     91%         2    ###....
 Poisonous Vapours        Pois/Air       #.....       91%         2    ###....
 Searing Ray              Conj           #.....       91%         2    ###....
 Shroud of Golubria       Chrm/Tloc      #.....       91%         2    ###....
 Slow                     Hex            #.......     91%         2    ###....
 Sticks to Snakes         Tmut           #.......     91%         2    ###....
 Sublimation of Blood     Necr           #.........   91%         2    ###....
 Confusing Touch          Hex            #.......     99%         3    ####...
 Conjure Flame            Conj/Fire      #.......     99%         3    ####...
 Dazzling Flash           Conj/Hex       #.....       99%         3    ####...
 Frozen Ramparts          Ice            #.....       99%         3    ####...
 Gell's Gravitas          Tloc           #.........   99%         3    ####...
 Ignite Poison            Fire/Tmut/Pois #.......     99%         3    ####...
 Inner Flame              Hex/Fire       #.......     99%         3    ####...
 Lesser Beckoning         Tloc           #.........   99%         3    ####...
 Mephitic Cloud           Conj/Pois/Air  #.......     99%         3    ####...
 Ozocubu's Armour         Chrm/Ice       #.......     99%         3    ####...
 Portal Projectile        Hex/Tloc       #.....       99%         3    ####...
 Recall                   Summ/Tloc      N/A          99%         3    ####...
 Spider Form              Tmut/Pois      #.........   99%         3    ####...
 Static Discharge         Conj/Air       #.......     99%         3    ####...
 Teleport Other           Tloc           #.......     99%         3    ####...
 Tukima's Dance           Hex            #.......     99%         3    ####...
 Vampiric Draining        Necr           #.........   99%         3    ####...
 Airstrike                Air            #.........   100%        4    #####..
 Animate Dead             Necr           N/A          100%        4    #####..
 Cause Fear               Hex            #.........   100%        4    #####..
 Dispel Undead            Necr           #.......     100%        4    #####..
 Fulminant Prism          Conj/Hex       #.........   100%        4    #####..
 Hailstorm                Conj/Ice       #.......     100%        4    #####..
 Ice Form                 Ice/Tmut       #.......     100%        4    #####..
 Iskenderun's Mystic Bla  Conj/Tloc      #.......     100%        4    #####..
 Leda's Liquefaction      Hex/Erth       #.........   100%        4    #####..
 Olgreb's Toxic Radiance  Pois           #.......     100%        4    #####..
 Petrify                  Tmut/Erth      #.......     100%        4    #####..
 Sticky Flame             Conj/Fire      #.......     100%        4    #####..
 Summon Ice Beast         Ice/Summ       #.......     100%        4    #####..
 Summon Lightning Spire   Summ/Air       #.......     100%        4    #####..
 Agony                    Necr           #.......     100%        5    ######.
 Alistair's Intoxication  Tmut/Pois      #.......     100%        5    ######.
 Blade Hands              Tmut           #.........   100%        5    ######.
 Bolt of Magma            Conj/Fire/Erth #.........   100%        5    ######.
 Borgnjor's Vile Clutch   Necr/Erth      #.........   100%        5    ######.
 Excruciating Wounds      Chrm/Necr      #.........   100%        5    ######.
 Fireball                 Conj/Fire      #.........   100%        5    ######.
 Irradiate                Conj/Tmut      #.........   100%        5    ######.
 Iskenderun's Battlesphe  Conj/Chrm      #.......     100%        5    ######.
 Lightning Bolt           Conj/Air       #.........   100%        5    ######.
 Metabolic Englaciation   Hex/Ice        #.........   100%        5    ######.
 Silence                  Hex/Air        #.........   100%        5    ######.
 Yara's Violent Unravell  Hex/Tmut       #.........   100%        5    ######.
 Conjure Ball Lightning   Conj/Air       #.........   100%        6    #######
 Death Channel            Necr           #.........   100%        6    #######
 Dispersal                Tloc           #.........   100%        6    #######
 Eringya's Noxious Bog    Tmut/Pois      #.........   100%        6    #######
 Freezing Cloud           Conj/Ice/Air   #.........   100%        6    #######
 Hydra Form               Tmut           #.........   100%        6    #######
 Invisibility             Hex            #.......     100%        6    #######
 Iron Shot                Conj/Erth      #.........   100%        6    #######
 Ozocubu's Refrigeration  Ice            #.........   100%        6    #######
 Simulacrum               Ice/Necr       #.........   100%        6    #######
 Starburst                Conj/Fire      #.........   100%        6    #######
 Statue Form              Tmut/Erth      #........    100%        6    #######
 Dragon Form              Tmut           #.........   100%        7    #######
 Malign Gateway           Summ/Tloc      #.........   100%        7    #######
 Monstrous Menagerie      Summ           #.........   100%        7    #######
 Orb of Destruction       Conj           #.........   100%        7    #######
 Ring of Flames           Chrm/Fire      #.........   100%        7    #######
 Spellforged Servitor     Conj/Summ      #.........   100%        7    #######
 Summon Greater Demon     Summ           #.........   100%        7    #######
 Borgnjor's Revivificati  Necr           #.........   100%        8    #######
 Chain Lightning          Conj/Air       #.........   100%        8    #######
 Discord                  Hex            #.........   100%        8    #######
 Disjunction              Tloc           #.........   100%        8    #######
 Ignition                 Fire           #.........   100%        8    #######
 Lehudib's Crystal Spear  Conj/Erth      #.........   100%        8    #######
 Summon Horrible Things   Summ           #.........   100%        8    #######
 Absolute Zero            Ice            #.........   100%        9    #######
 Dragon's Call            Summ           #.........   100%        9    #######
 Fire Storm               Conj/Fire      #.........   100%        9    #######
 Shatter                  Erth           #.........   100%        9    #######
 Tornado                  Air            #.........   100%        9    #######
 Blink                    Tloc           Unusable     N/A         2    N/A
 Swiftness                Chrm/Air       Unusable     N/A         2    N/A
 Passage of Golubria      Tloc           Unusable     N/A         4    N/A
 Controlled Blink         Tloc           Unusable     N/A         8    N/A

Dungeon Overview and Level Annotations

Branches:
Dungeon (15/15)            Temple (0/1) D:5            Lair (6/6) D:10
 Shoals (4/4) Lair:2       Spider (4/4) Lair:2        Slime (0/5) Lair:5
    Orc (2/2) D:9             Elf (3/3) Orc:2        Vaults (5/5) D:14
  Crypt (3/3) Vaults:3       Tomb (0/3) Crypt:3      Depths (5/5) D:15
    Zot (5/5) Depths:5     Bailey (visited)         Volcano (visited)
Gauntlet (visited)

Altars:
Ashenzari
Elyvilon
Fedhas
Kikubaaqudgha
Makhleb
Nemelex Xobeh
Okawaru
Qazlal
Ru
Sif Muna
Vehumet
Wu Jian
Yredelemnul
Zin
The Shining One

Shops:
D:9 [   D:11 }   D:12 }:=**   D:15 =   Orc:2 *(:(   Elf:1 :   Vaults:1 !
Vaults:4 !   Depths:5 [

Portals:
Hell: Depths:1 Depths:2 Depths:3 Depths:4 Depths:5
Abyss: Depths:3 Depths:4
Pandemonium: Depths:1 Depths:3
Ziggurat: Depths:1


Innate Abilities, Weirdness & Mutations

You cannot be hasted, slowed, berserked, paralysed or teleported.
You can dig through walls and to a lower floor.
Your four strong arms can wield two-handed weapons with a shield.
You have a pair of large antennae on your head. (SInv)
You occasionally shout uncontrollably at your foes.
Your muscles are strong. (Str +2)


Message History

You throw a silver javelin.
The silver javelin completely misses the monstrous warmonger.
The monstrous warmonger shoots an arrow.
The arrow hits you.
Throwing (i - inventory. (/) - cycle)
S - 56 silver javelins (quivered)
Press: ? - help, Shift-Dir - straight line, f/p - monstrous warmonger
Aim: a monstrous warmonger, wielding a +4 longbow of freezing, wearing a +10 plate armour of ponderousness and quivering 19 arrows (almost dead, chaotic)
You throw a silver javelin.
The silver javelin pierces through the monstrous warmonger!!
The silver sears the monstrous warmonger!
You kill the monstrous warmonger!
Okawaru accepts your kill.
Training target 25.0 for Armour reached!
Your Armour skill increases to level 25!
Unknown command.
You start resting.
HP restored.
A red devil comes into view. It is wielding a +0 trident.
A reaper comes into view. It is wielding a +3 vampiric scythe.
You have escaped!

#####.########......#
#...##. #.#####.##......#
#...##. #.......###.#.#.#
#...##.
#######.##......#####......
#.##......##.........
#.##.##.##2)#####..6.
#.##....(.### #....
###.##......# #....
#########...##@...### #....
#...........##......# #....
#.##......#.##......# #####
#.###.###...#####.#.# #.#
#.# #.####...4..# #.###.#
#.# #....&.# #.....# #.#
#.##..## #######
#.####......# #...##......#


You could see Herghuisugh (wandering), a reaper and a red devil.

Vanquished Creatures
  Mara (Spider:3)
  3 orbs of fire
  3 ancient liches
  Mennas (Crypt:3)
  2 juggernauts
  The ghost of oldriver the Acrobat, a master HaAs of Nemelex Xobeh (Depths:5)
  Saint Roka (Crypt:3)
  11 Killer Klowns
  Bai Suzhen (Spider:3)
  A curse toe (Zot:5)
  10 golden dragons
  the Enchantress (Depths:2)
  A profane servitor (Depths:1)
  4 liches
  2 bone dragons (Crypt:3)
  3 electric golems (Zot:5)
  24 tentacled monstrosities
  27 Orb Guardians
  Jorgrun (Orc:1)
  3 deep elf blademasters
  14 quicksilver dragons
  9 death cobs
  4 titans
  2 sphinxes
  18 shadow dragons
  11 ancient champions
  A sphinx (shapeshifter) (Depths:2)
  2 deep elf master archers (Elf:3)
  A tentacled starspawn (Abyss:1)
  Kirke (Shoals:1)
  A warmonger (D:1)
  Donald (Vaults:1)
  14 storm dragons
  Roxanne (Spider:4)
  24 fire giants
  11 tengu reavers
  9 draconian monks
  A revenant (Crypt:3)
  5 ghost moths
  10 frost giants
  9 draconian knights
  5 deep elf sorcerers
  2 balrugs (Zot:3)
  10 vault wardens
  7 draconian scorchers
  Aizul (Shoals:2)
  An iron dragon (Depths:2)
  A draconian shifter (Zot:1)
  14 ghouls
  4 draconian stormcallers
  Louise (Shoals:4)
  5 draconian annihilators (Zot:2)
  6 spriggan defenders
  A reaper (Abyss:1)
  7 deep elf elementalists
  18 very ugly things
  27 stone giants
  14 ironheart preservers
  12 green draconians
  10 vampire knights
  Nessos (Lair:4)
  2 entropy weavers
  11 deep elf demonologists
  11 black draconians
  Azrael (Elf:2)
  A lorocyproca (D:4)
  8 white draconians
  28 purple draconians
  14 red draconians
  13 yellow draconians
  12 deep elf annihilators
  Snorg (Lair:4)
  A minotaur (Gauntlet)
  6 deep elf death magi
  21 spark wasps
  A green death (Depths:3)
  5 eidola
  Josephine (Shoals:1)
  6 merfolk javelineers
  9 ettins
  9 deep elf high priests
  25 yaktaur captains
  2 pearl dragon zombies (Depths:1)
  3 mummy priests (Crypt:3)
  11 jiangshi
  A quicksilver dragon zombie (Crypt:2)
  11 merfolk impalers
  10 great orbs of eyes
  2 quicksilver dragon skeletons
  11 ice dragons
  26 fire dragons
  5 rakshasas
  Erolcha (Orc:1)
  31 vault guards
  6 hydras
  2 catoblepae
  3 spriggan air magi (Depths:2)
  5 merfolk aquamancers
  15 centaur warriors
  6 satyrs
  4 merfolk avatars
  2 alligator snapping turtles
  18 ogre magi
  5 death knights
  8 vampire magi
  9 tengu warriors
  3 death yaks (Lair:6)
  34 two-headed ogres
  9 deep troll shamans
  17 deep troll earth magi
  23 dancing weapons
  A titan zombie (Crypt:3)
  3 hell hogs (Depths:1)
  3 orc high priests (Orc:2)
  2 soul eaters
  10 spriggan berserkers
  24 deep elf knights
  A titan skeleton (Crypt:3)
  20 hell knights
  A sixfirhy (D:10)
  30 skeletal warriors
  A fire crab (shapeshifter) (Depths:3)
  A spark wasp zombie (Depths:3)
  4 shadow wraiths
  9 sea snakes
  39 deep trolls
  2 iron trolls (Depths:3)
  A sea snake (shapeshifter) (Depths:2)
  10 flayed ghosts
  A fire crab (Lair:6)
  A deep troll (shapeshifter) (Vaults:5)
  5 unseen horrors
  A gelid demonspawn (Zot:4)
  An entropy weaver zombie (Crypt:2)
  25 deep elf archers
  2 glowing orange brains
  A quicksilver dragon simulacrum (Crypt:1)
  6 wizards
  A torturous demonspawn (D:1)
  A lindwurm (Lair:6)
  2 starcursed masses (Abyss:1)
  15 orc knights
  An obsidian statue (Zot:5)
  10 ironbrand convokers
  64 deep elf magi
  2 shadow dragon zombies (Crypt:1)
  A stone giant zombie (Crypt:3)
  2 wolf spider zombies
  2 harpies (shapeshifter)
  A sphinx zombie (Vaults:2)
  An iron dragon zombie (Crypt:3)
  13 necromancers
  9 orc sorcerers
  7 phantasmal warriors
  4 oklob plants (Lair:4)
  2 frost giant zombies (Crypt:1)
  A shadow dragon skeleton (Crypt:1)
  26 harpies
  8 fauns
  A tengu skeleton (Depths:3)
  30 wolf spiders
  An orb spider (shapeshifter) (Vaults:1)
  15 orb spiders
  4 cyclopes
  An iron dragon skeleton (Depths:3)
  39 ugly things
  8 manticores
  A fire giant zombie (Crypt:1)
  3 human zombies
  19 moths of wrath
  A fire giant skeleton (Depths:3)
  A sphinx skeleton (Vaults:2)
  3 black mambas (Lair:6)
  A stone giant skeleton (Depths:3)
  A human skeleton (Vaults:2)
  4 elephants (Lair:6)
  A moth of wrath (shapeshifter) (D:14)
  Maurice (Orc:1)
  3 centaur zombies (D:15)
  8 merfolk sirens
  9 vault sentinels
  A water nymph (shapeshifter) (Elf:3)
  A naga mage (D:15)
  A black mamba (shapeshifter) (Vaults:4)
  3 rust devils
  4 spiny frogs
  4 apis skeletons (Depths:1)
  4 water nymphs
  4 torpor snails
  2 apocalypse crabs (Abyss:1)
  63 yaktaurs
  A gargoyle (D:10)
  3 smoke demons
  2 kobold demonologists (Bailey)
  14 freezing wraiths
  A rime drake (Lair:3)
  5 komodo dragons
  23 demonic crawlers
  11 guardian mummies (Crypt:3)
  A komodo dragon (shapeshifter) (Elf:2)
  A red devil (Gauntlet)
  A tormentor (Zot:5)
  7 trolls
  A tengu conjurer (Depths:3)
  A death yak skeleton (Crypt:3)
  A wind drake (shapeshifter) (Depths:2)
  32 jumping spiders
  29 merfolk
  5 wind drakes
  A polar bear (shapeshifter) (Depths:3)
  A troll (shapeshifter) (Vaults:3)
  A merfolk (shapeshifter) (Vaults:2)
  19 hornets
  5 polar bears (Lair:6)
  A meliai (shapeshifter) (Depths:3)
  2 hornets (shapeshifter) (Depths:4)
  13 hippogriffs
  Grinder (D:3)
  4 bog bodies
  23 slime creatures
  3 blink frogs (Lair:4)
  An elf zombie (Depths:3)
  8 dream sheep
  A stone giant simulacrum (Vaults:3)
  An alligator skeleton (Crypt:1)
  3 snapping turtles
  An elf skeleton (Depths:3)
  2 tarantellas (shapeshifter)
  An air elemental (Elf:3)
  A flying skull (Vaults:3)
  Sigmund (D:2)
  An ettin skeleton (Vaults:2)
  76 redbacks
  21 spriggans
  5 centaur simulacra
  A ynoxinul (Abyss:1)
  A redback (shapeshifter) (Depths:4)
  35 tarantellas
  3 vampires
  3 wyverns
  23 yaks
  8 water elementals
  12 wraiths
  7 fire elementals
  A basilisk (D:13)
  A human (shapeshifter) (Elf:3)
  4 large abominations
  3 hogs (Shoals:1)
  2 ushabtiu (Crypt:3)
  9 fire bats
  2 hungry ghosts
  2 chaos spawn (Depths:3)
  Menkaure (D:5)
  A soldier ant (D:14)
  2 wargs
  A gelid demonspawn zombie (Crypt:3)
  An infernal demonspawn zombie (Crypt:1)
  A spiny frog zombie (Crypt:1)
  A hydra simulacrum (Crypt:3)
  5 acid dragons
  A water moccasin (shapeshifter) (Depths:5)
  A monstrous demonspawn skeleton (Crypt:3)
  Duvessa (D:5)
  2 hell hounds
  11 water moccasins
  A floating eye (Depths:3)
  An infernal demonspawn skeleton (Crypt:3)
  4 porcupines
  2 sky beasts
  5 ice beasts
  2 black bears
  A merfolk skeleton (Crypt:1)
  52 orc warriors
  44 ogres
  An ice dragon simulacrum (Gauntlet)
  6 necrophages
  4 phantoms
  16 boggarts
  An orc zombie (Vaults:2)
  26 wolves
  A lindwurm zombie (Crypt:2)
  14 centaurs
  7 crocodiles
  A manticore skeleton (Crypt:2)
  5 big kobolds
  Blork the orc (D:4)
  12 bullfrogs
  A bullfrog (shapeshifter) (Vaults:5)
  4 earth elementals
  A wyvern zombie (D:11)
  A water moccasin zombie (Crypt:3)
  6 scorpions
  Dowan (D:5)
  25 killer bees
  A human simulacrum (Vaults:2)
  15 wights
  A howler monkey (D:9)
  8 electric eels
  8 lava snakes (Volcano)
  9 crimson imps
  4 jellies
  2 small abominations
  A wyvern simulacrum (D:15)
  11 hounds
  3 bullfrog zombies
  3 quasits
  17 orc priests
  4 centaur skeletons
  31 orc wizards
  A demonspawn skeleton (Crypt:1)
  4 bullfrog skeletons
  Natasha (thrice) (D:2)
  3 iguanas
  12 worker ants
  A dwarf zombie (Crypt:2)
  An acid dragon skeleton (Crypt:1)
  A demigod skeleton (Crypt:1)
  2 hound skeletons
  2 howler monkey zombies (D:7)
  9 gnolls
  3 howler monkey skeletons
  14 adders
  3 shadow imps
  An ooze (D:7)
  An adder zombie (D:5)
  2 worm zombies
  An adder skeleton (D:5)
  8 worms
  A dart slug (D:3)
  4 leopard geckos
  103 orcs
  3 giant cockroaches
  16 goblins
  15 hobgoblins
  9 jackals
  7 quokkas
  3 ball pythons
  9 bats
  5 frilled lizards
  A gnoll skeleton (Crypt:2)
  A goblin skeleton (Crypt:2)
  A hobgoblin skeleton (Crypt:1)
  23 kobolds
  6 rats
  4 crawling corpses (Elf:3)
  2 fungi
  A lurking horror (Abyss:1)
  14 plants
  A starspawn tentacle (Abyss:1)
2633 creatures vanquished.

Vanquished Creatures (others)
  A fire giant (Zot:3)
  An ironheart preserver (Vaults:2)
  An eidolon (Crypt:3)
  2 vault sentinels (Vaults:5)
  A hornet (Depths:4)
  A redback (Spider:2)
  A hell hound (Elf:2)
  An ogre (Vaults:5)
  A boggart (Depths:4)
  An orc priest (Orc:2)
  2 orcs
  56 fungi
  19 plants
  2 starspawn tentacles (Abyss:1)
  2 withered plants (Gauntlet)
92 creatures vanquished.

Grand Total: 2725 creatures vanquished

Notes
Turn   | Place    | Note
-------+----------+-------------------------------------------
     0 | D:1      | DeepDeath the Formicid Gladiator began the quest for the
                  | Orb.
     0 | D:1      | Reached XP level 1. HP: 16/16 MP: 1/1
   231 | D:1      | Reached XP level 2. HP: 22/22 MP: 2/2
   665 | D:2      | Noticed Sigmund
   676 | D:1      | Reached XP level 3. HP: 21/27 MP: 3/3
   816 | D:2      | Noticed Natasha
   828 | D:2      | Killed Natasha
   828 | D:2      | Reached XP level 4. HP: 33/33 MP: 4/4
   871 | D:2      | Found a sacrificial altar of Ru.
   886 | D:2      | Found an iron altar of Okawaru.
   890 | D:2      | Became a worshipper of Warmaster Okawaru
  1041 | D:2      | Reached skill level 5 in Axes
  1098 | D:2      | Reached XP level 5. HP: 18/38 MP: 5/5
  1294 | D:2      | Found a shattered altar of Ashenzari.
  1310 | D:2      | Found a basalt altar of Yredelemnul.
  1396 | D:2      | Found an ornate altar of the Wu Jian Council.
  1539 | D:2      | Found a glowing golden altar of the Shining One.
  1629 | D:2      | Noticed Natasha
  1636 | D:2      | Killed Natasha
  1848 | D:2      | Noticed Natasha
  1856 | D:2      | Killed Natasha
  1969 | D:3      | Reached skill level 1 in Invocations
  1969 | D:3      | Reached XP level 6. HP: 30/44 MP: 6/6
  2088 | D:3      | Reached skill level 1 in Shields
  2130 | D:3      | Found a burning altar of Makhleb.
  2193 | D:3      | Reached skill level 1 in Armour
  2280 | D:3      | Reached * piety under Okawaru
  2510 | D:3      | Noticed Grinder
  2513 | D:3      | You fall into a shaft and drop 1 floor!
  2525 | D:3      | Found a glowing silver altar of Zin.
  2977 | D:4      | Noticed a phantom
  3104 | D:4      | Noticed Blork the orc
  3134 | D:4      | Killed Blork the orc
  3147 | D:4      | Reached XP level 7. HP: 43/50 MP: 8/8
  3622 | D:5      | Entered Level 5 of the Dungeon
  3636 | D:5      | Reached ** piety under Okawaru
  3814 | D:5      | Found a staircase to the Ecumenical Temple.
  4034 | D:5      | Reached XP level 8. HP: 54/54 MP: 6/9
  4187 | D:5      | Reached skill level 1 in Stealth
  4187 | D:5      | Reached skill level 1 in Evocations
  4204 | D:5      | Noticed Duvessa
  4204 | D:5      | Noticed Dowan
  4228 | D:5      | Found a blossoming altar of Fedhas.
  4239 | D:5      | Found a stormy altar of Qazlal.
  4708 | D:5      | Noticed Menkaure
  4771 | D:5      | Found a white marble altar of Elyvilon.
  5242 | D:6      | Reached skill level 3 in Fighting
  5355 | D:6      | Reached *** piety under Okawaru
  5355 | D:6      | Reached XP level 9. HP: 35/62 MP: 8/11
  5457 | D:6      | Reached skill level 4 in Fighting
  6097 | D:7      | Reached skill level 10 in Axes
  6108 | D:7      | Got encrusted ice dragon scales
  6198 | D:7      | Noticed a hippogriff
  6213 | D:7      | Killed a hippogriff
  6322 | D:7      | Reached **** piety under Okawaru
  6585 | D:7      | Found a radiant altar of Vehumet.
  6599 | D:7      | Received a gift from Okawaru
  6712 | D:7      | Found a sparkling altar of Nemelex Xobeh.
  6727 | D:7      | Identified the +2 ice dragon scales of Vehumet {rF- rC++
                  | Int+4} (You found it on level 7 of the Dungeon)
  6804 | D:8      | Reached skill level 1 in Polearms
  6804 | D:8      | Reached XP level 10. HP: 45/71 MP: 13/13
  7000 | D:8      | Reached skill level 5 in Invocations
  7197 | D:8      | Reached skill level 5 in Fighting
  7269 | D:8      | Reached skill level 5 in Armour
  8095 | D:8      | Received a gift from Okawaru
  8307 | D:9      | Reached skill level 6 in Fighting
  8452 | D:9      | Reached skill level 5 in Polearms
  8664 | D:9      | You fall into a shaft and drop 2 floors!
  8722 | D:11     | Reached ***** piety under Okawaru
  8869 | D:11     | Found Tusacy's Gadget Emporium.
  8877 | D:11     | Bought a wand of acid (11) for 420 gold pieces
  9341 | D:10     | Entered Level 10 of the Dungeon
  9419 | D:10     | Reached XP level 11. HP: 73/79 MP: 8/15
  9493 | D:10     | Noticed an unseen horror
  9507 | D:10     | Killed an unseen horror
  9507 | D:10     | Received a gift from Okawaru
  9539 | D:10     | Found a flagged portal.
  9584 | Bailey   | Entered a bailey
  9657 | Bailey   | Found an iron altar of Okawaru.
  9680 | Bailey   | Received a gift from Okawaru
 10237 | Bailey   | Acquired 1600 gold pieces
 10257 | Bailey   | Noticed an orc knight
 10269 | Bailey   | Killed an orc knight
 10269 | Bailey   | Reached skill level 7 in Fighting
 10573 | D:10     | Found a staircase to the Lair.
 10631 | D:10     | Noticed a manticore
 10638 | D:10     | Killed a manticore
 10665 | D:10     | Noticed a catoblepas
 10733 | D:11     | Bought a wand of clouds (6) for 420 gold pieces
 10733 | D:11     | Bought a wand of iceblast (11) for 210 gold pieces
 10785 | D:9      | Found Antorej's Armour Shoppe.
 10787 | D:9      | Found a staircase to the Orcish Mines.
 10793 | D:9      | Bought a +0 cloak for 58 gold pieces
 10835 | D:9      | Noticed a two-headed ogre
 10845 | D:9      | Killed a two-headed ogre
 11120 | D:9      | Reached XP level 12. HP: 89/89 MP: 18/18
 11716 | D:2      | Killed Sigmund
 11808 | D:3      | Killed Grinder
 11881 | D:5      | Killed Dowan
 11884 | D:5      | Killed Duvessa
 11955 | D:5      | Killed Menkaure
 12131 | D:10     | Killed a catoblepas
 12131 | D:10     | Received a gift from Okawaru
 12234 | Lair:1   | Entered Level 1 of the Lair of Beasts
 12991 | Lair:2   | Reached skill level 10 in Polearms
 13395 | Lair:2   | Found a hole to the Spider Nest.
 13781 | Lair:2   | Found a staircase to the Shoals.
 14168 | Lair:3   | Received a gift from Okawaru
 14173 | Lair:3   | Got a shimmering plate armour {god gift}
 15201 | Lair:4   | Noticed Nessos
 15207 | Lair:4   | Noticed a six-headed hydra
 15217 | Lair:4   | Reached skill level 8 in Fighting
 15235 | Lair:4   | Killed Nessos
 15235 | Lair:4   | Reached XP level 13. HP: 50/98 MP: 11/20
 15433 | Lair:4   | Found a gate leading to a gauntlet.
 15444 | Gauntlet | Entered a Gauntlet
 15444 | Gauntlet | Found a transporter.
 15454 | Gauntlet | Found a transporter.
 15456 | Gauntlet | Found a transporter.
 15458 | Gauntlet | Found a transporter.
 15472 | Gauntlet | Found a transporter.
 15482 | Gauntlet | Found a transporter.
 15488 | Gauntlet | Found a transporter.
 15505 | Gauntlet | Found a transporter.
 15524 | Gauntlet | Found a transporter.
 15550 | Gauntlet | Found a transporter.
 15575 | Gauntlet | Found a transporter.
 15580 | Gauntlet | Found a transporter.
 15599 | Gauntlet | Found a transporter.
 15604 | Gauntlet | Found a transporter.
 15606 | Gauntlet | Found a transporter.
 15623 | Gauntlet | Found a large runed translucent door.
 15624 | Gauntlet | Found a large runed translucent door.
 15625 | Gauntlet | Found a large runed translucent door.
 15625 | Gauntlet | Found a large runed translucent door.
 15626 | Gauntlet | Found a runed translucent gate.
 15627 | Gauntlet | Found a transporter.
 15627 | Gauntlet | Found a runed translucent gate.
 15628 | Gauntlet | Found a runed translucent gate.
 15628 | Gauntlet | Found a large runed translucent door.
 15628 | Gauntlet | Found a large runed translucent door.
 15628 | Gauntlet | Found a runed translucent door.
 15628 | Gauntlet | Found a runed translucent door.
 15629 | Gauntlet | Found a large runed translucent door.
 15630 | Gauntlet | Found a large runed translucent door.
 15632 | Gauntlet | Found a transporter.
 15643 | Gauntlet | Found a large runed translucent door.
 15643 | Gauntlet | Found a large runed translucent door.
 15644 | Gauntlet | Found a large runed translucent door.
 15645 | Gauntlet | Found a large runed translucent door.
 15654 | Gauntlet | Found a large runed translucent door.
 15654 | Gauntlet | Found a large runed translucent door.
 15655 | Gauntlet | Found a large runed translucent door.
 15656 | Gauntlet | Found a large runed translucent door.
 15677 | Gauntlet | Found a transporter.
 15876 | Gauntlet | Reached skill level 10 in Invocations
 15989 | Gauntlet | Got a warped pewter ring
 15991 | Gauntlet | Identified the ring of the Monkey's Uncle {rF+ rC+ Int+3}
                  | (You found it in a Gauntlet)
 16043 | Gauntlet | Noticed a minotaur
 16057 | Gauntlet | Killed a minotaur
 16082 | Gauntlet | Identified Wuysibb's Reference Book on Intoxication
 16140 | Lair:4   | Received a gift from Okawaru
 16152 | Lair:4   | Reached skill level 10 in Armour
 16210 | Lair:4   | Killed a four-headed hydra
 16210 | Lair:4   | Received a gift from Okawaru
 16211 | Lair:4   | Noticed Snorg
 16229 | Lair:4   | Killed Snorg
 16268 | Lair:4   | Noticed a six-headed hydra
 16277 | Lair:4   | Killed a three-headed hydra
 17150 | Lair:5   | Found a dark tunnel.
 17160 | Lair:5   | Found a shimmering blue altar of Sif Muna.
 17214 | Volcano  | Entered a volcano
 17465 | Volcano  | Noticed a centaur warrior
 17481 | Volcano  | Killed a centaur warrior
 17665 | Volcano  | Found a burning altar of Makhleb.
 17738 | Lair:5   | Found a staircase to the Slime Pits.
 18079 | Lair:5   | Noticed a six-headed hydra
 18090 | Lair:5   | Killed a two-headed hydra
 18689 | D:12     | Reached skill level 5 in Shields
 18820 | D:12     | Reached XP level 14. HP: 106/106 MP: 20/22
 18875 | D:12     | Found a stormy altar of Qazlal.
 18963 | D:12     | Found Xiptex's Book Emporium.
 19007 | D:12     | Found Nabostri's Gadget Shoppe.
 19020 | D:12     | Reached skill level 5 in Dodging
 19089 | D:12     | Found Yptetof's Jewellery Boutique.
 19097 | D:12     | Bought an uncursed ring of protection from magic for 275
                  | gold pieces
 19120 | D:12     | Found Esum's Assorted Antiques.
 19130 | D:12     | Bought a steaming ring mail for 315 gold pieces
 19255 | D:12     | Found Pusch's Assorted Antiques.
 19258 | D:12     | Bought a scroll of identify for 54 gold pieces
 19258 | D:12     | Bought a bubbling silvery potion for 24 gold pieces
 19258 | D:12     | Bought a scroll of identify for 54 gold pieces
 19262 | D:12     | Identified the +5 ring mail of Bitterness {rF++ Str-4
                  | Slay+5 Stlth+} (You bought it in a shop on level 12 of the
                  | Dungeon)
 19303 | D:12     | Bought the amulet of Qystridups {Spirit rElec rPois Str+6
                  | Slay-5} for 437 gold pieces
 19556 | D:13     | Got a transparent leather armour
 19601 | D:13     | Reached skill level 9 in Fighting
 19989 | Orc:1    | Entered Level 1 of the Orcish Mines
 20311 | Orc:1    | Noticed Erolcha
 20322 | Orc:1    | Noticed Jorgrun
 20336 | Orc:1    | Killed Erolcha
 20336 | Orc:1    | Reached skill level 5 in Evocations
 20351 | Orc:1    | Killed Jorgrun
 20356 | Orc:1    | Noticed Maurice
 20538 | Orc:1    | Killed Maurice
 20749 | Orc:2    | Entered Level 2 of the Orcish Mines
 20826 | Orc:2    | Found a staircase to the Elven Halls.
 21948 | Orc:2    | Cast into level 1 of the Abyss (orc knight)
 22072 | Abyss:1  | Noticed a reaper
 22079 | Abyss:1  | Got a faintly humming scale mail
 22092 | Abyss:1  | Killed a reaper
 22190 | Abyss:1  | Noticed a starcursed mass
 22243 | Abyss:1  | Noticed a tentacled starspawn
 22257 | Abyss:1  | Killed a tentacled starspawn
 22300 | Abyss:1  | Reached skill level 10 in Fighting
 22367 | Abyss:1  | Reached XP level 15. HP: 108/115 MP: 23/23
 22479 | Orc:2    | Escaped the Abyss
 22493 | Orc:2    | Found Lucexi's Assorted Antiques.
 22493 | Orc:2    | Found Xoec's Weapon Shoppe.
 22495 | Orc:2    | Found Coziewy's Book Shoppe.
 22495 | Orc:2    | Found Pej Bymp's Weapon Shop.
 22536 | Orc:2    | Bought a scroll of identify for 56 gold pieces
 22536 | Orc:2    | Bought a scroll labeled XITWEI FIVAXZEUGOS for 28 gold
                  | pieces
 22536 | Orc:2    | Bought a brightly glowing ring mail for 252 gold pieces
 22536 | Orc:2    | Bought a scroll labeled ZYMNAW RUMUQ for 28 gold pieces
 22536 | Orc:2    | Bought a scroll of identify for 56 gold pieces
 22536 | Orc:2    | Bought a scroll of magic mapping for 98 gold pieces
 22546 | Orc:2    | Identified the +6 scale mail of Pan-Flutes {rElec Str+6}
                  | (You found it on level 1 of the Abyss)
 22547 | Orc:2    | Identified the cursed +0 ring mail of Beauty {Dex+2} (You
                  | bought it in a shop on level 2 of the Orcish Mines)
 22740 | D:12     | Bought a brass ring for 135 gold pieces
 22935 | Lair:6   | Entered Level 6 of the Lair of Beasts
 22951 | Lair:6   | Found a basalt altar of Yredelemnul.
 23600 | Lair:6   | Received a gift from Okawaru
 23603 | Lair:6   | Got a pair of dazzling gloves {god gift}
 23639 | Lair:6   | Identified the +2 pair of gloves "Arhiav" {*Contam rF++
                  | Dex+5} (Okawaru gifted it to you on level 6 of the Lair of
                  | Beasts)
 23959 | Lair:6   | Reached skill level 10 in Shields
 25217 | D:13     | Reached skill level 11 in Fighting
 25604 | D:13     | Received a gift from Okawaru
 25611 | D:13     | Got a transparent plate armour {god gift}
 25852 | D:13     | Identified the +0 plate armour "Evua" {-Cast rC+ Regen+
                  | Int+5} (Okawaru gifted it to you on level 13 of the
                  | Dungeon)
 25915 | D:14     | Reached XP level 16. HP: 97/125 MP: 13/25
 26307 | D:14     | You fall into a shaft and drop 1 floor!
 26307 | D:15     | Entered Level 15 of the Dungeon
 26415 | D:14     | Found a gate to the Vaults.
 26964 | D:14     | Reached skill level 12 in Fighting
 27030 | D:15     | Found a sacrificial altar of Ru.
 27283 | D:15     | Found Road's Jewellery Emporium.
 27321 | D:15     | Bought a cursed -4 ring of intelligence for 34 gold pieces
 27321 | D:15     | Bought a cursed amulet of inaccuracy for 34 gold pieces
 27360 | D:15     | Reached ****** piety under Okawaru
 27372 | D:15     | Found a staircase to the Depths.
 27605 | Lair:2   | Identified the +1 plate armour of Watchfulness {*Drain +Inv
                  | Str-5 Dex+7} (Okawaru gifted it to you on level 3 of the
                  | Lair of Beasts)
 27726 | D:12     | Bought an uncursed ring of positive energy for 220 gold
                  | pieces
 27933 | Lair:4   | Received a gift from Okawaru
 28322 | Spider:1 | Entered Level 1 of the Spider Nest
 29326 | Spider:1 | Reached XP level 17. HP: 92/133 MP: 19/26
 29739 | Spider:2 | Reached skill level 5 in Throwing
 30239 | Spider:2 | Received a gift from Okawaru
 30945 | Spider:3 | Noticed Mara
 30963 | Spider:3 | Killed Mara
 30963 | Spider:3 | Received a gift from Okawaru
 30963 | Spider:3 | Reached skill level 15 in Shields
 31191 | Spider:3 | Noticed Bai Suzhen
 31214 | Spider:3 | Killed Bai Suzhen
 31214 | Spider:3 | Received a gift from Okawaru
 31247 | Spider:3 | Got an encrusted flail {god gift}
 31901 | Spider:3 | Identified the +4 flail "Afio" {vorpal, Str+2} (Okawaru
                  | gifted it to you on level 3 of the Spider Nest)
 32055 | Shoals:1 | Entered Level 1 of the Shoals
 32275 | Shoals:1 | Reached skill level 1 in Slings
 32376 | Shoals:1 | Reached XP level 18. HP: 135/140 MP: 25/27
 32450 | Shoals:1 | Noticed Josephine
 32463 | Shoals:1 | Killed Josephine
 32524 | Shoals:1 | Received a gift from Okawaru
 32621 | Shoals:1 | Noticed Kirke
 32645 | Shoals:1 | Killed Kirke
 33077 | Shoals:2 | Noticed Aizul
 33097 | Shoals:2 | Killed Aizul
 33351 | Shoals:2 | Identified the Collected Works on Sinister Orientation
 33583 | Shoals:2 | You fall into a shaft and drop 1 floor!
 34732 | Shoals:3 | Reached skill level 5 in Slings
 35014 | Shoals:3 | Reached skill level 5 in Stealth
 35354 | Shoals:4 | Entered Level 4 of the Shoals
 35412 | Shoals:4 | Received a gift from Okawaru
 36042 | Shoals:4 | Identified the +7 quarterstaff of Plague {flame, +Fly rElec
                  | Int+2}
 36179 | Shoals:4 | Reached XP level 19. HP: 114/147 MP: 23/28
 36332 | Shoals:4 | Cast into level 3 of the Abyss (merfolk impaler)
 36347 | Shoals:4 | Escaped the Abyss
 36364 | Shoals:4 | Received a gift from Okawaru
 36397 | Shoals:4 | Reached skill level 13 in Fighting
 36589 | Shoals:4 | Noticed Louise
 36608 | Shoals:4 | Killed Louise
 37359 | Shoals:4 | Got a barnacled rune of Zot
 38038 | Spider:4 | Entered Level 4 of the Spider Nest
 38201 | Spider:4 | Noticed Roxanne
 38473 | Spider:4 | Killed Roxanne
 38473 | Spider:4 | Reached skill level 14 in Fighting
 39041 | Spider:4 | Got a gossamer rune of Zot
 39342 | Vaults:1 | Entered Level 1 of the Vaults
 39409 | Vaults:1 | Reached XP level 20. HP: 154/160 MP: 25/29
 39419 | Vaults:1 | Received a gift from Okawaru
 39734 | Vaults:1 | Reached skill level 15 in Fighting
 39908 | Vaults:1 | Found Pohun's Distillery.
 39916 | Vaults:1 | Bought a potion of flight for 33 gold pieces
 39916 | Vaults:1 | Bought a potion of heal wounds for 55 gold pieces
 39916 | Vaults:1 | Bought a potion of heal wounds for 55 gold pieces
 40309 | Vaults:1 | Noticed Donald
 40325 | Vaults:1 | Killed Donald
 41048 | Vaults:1 | Learned a level 1 spell: Apportation
 41334 | Vaults:2 | Received a gift from Okawaru
 41868 | Vaults:2 | Received a gift from Okawaru
 42052 | Vaults:2 | Received a gift from Okawaru
 42052 | Vaults:2 | Reached skill level 16 in Fighting
 42052 | Vaults:2 | Reached skill level 10 in Slings
 42380 | Vaults:2 | Noticed a Hell Sentinel
 42392 | Vaults:2 | Noticed a Tzitzimitl
 42393 | Vaults:2 | Noticed a Tzitzimitl
 42787 | Vaults:3 | Reached XP level 21. HP: 125/171 MP: 23/30
 43137 | Vaults:3 | Received a gift from Okawaru
 43294 | Vaults:3 | Received a gift from Okawaru
 43497 | Vaults:3 | Received a gift from Okawaru
 43899 | Vaults:3 | Found a staircase to the Crypt.
 44222 | Vaults:4 | Reached skill level 17 in Fighting
 44301 | Vaults:4 | Reached skill level 10 in Stealth
 44767 | Vaults:4 | Reached skill level 10 in Dodging
 44932 | Vaults:4 | Found Yzuej's Distillery.
 44941 | Vaults:4 | Bought a potion of flight for 45 gold pieces
 44941 | Vaults:4 | Bought a potion of heal wounds for 75 gold pieces
 44941 | Vaults:4 | Bought a potion of heal wounds for 75 gold pieces
 44983 | Vaults:4 | Received a gift from Okawaru
 45276 | Vaults:4 | Reached XP level 22. HP: 160/183 MP: 32/32
 45602 | Vaults:4 | Reached skill level 18 in Fighting
 45789 | Vaults:4 | Identified the +0 robe of Cuf Nih {rPois rF++ Int-2}
                  | (Okawaru gifted it to you on level 4 of the Vaults)
 46122 | Elf:1    | Entered Level 1 of the Elven Halls
 46332 | Elf:1    | Found Ture's Book Emporium.
 46422 | Elf:1    | Identified the cursed +1 dire flail of Big Damage {pain,
                  | rF+ Int+7}
 46925 | Elf:1    | Identified the +5 war axe of Big Damage {vorpal, rC+} (You
                  | found it on level 1 of the Elven Halls)
 47539 | Elf:2    | Found a huge runed translucent gate.
 47539 | Elf:2    | Found a huge runed translucent gate.
 47539 | Elf:2    | Found a huge runed translucent gate.
 47539 | Elf:2    | Found a huge runed translucent gate.
 47540 | Elf:2    | Found a huge runed translucent gate.
 47636 | Elf:3    | Entered Level 3 of the Elven Halls
 48903 | Elf:3    | Identified the ring "Meowoeg" {+Blink +Inv rPois rF- MR+}
 48936 | Elf:3    | Received a gift from Okawaru
 49251 | Elf:3    | Reached skill level 10 in Throwing
 49317 | Elf:3    | Reached skill level 19 in Fighting
 49317 | Elf:3    | Reached XP level 23. HP: 168/194 MP: 33/33
 49403 | Elf:3    | Identified the +8 chain mail of the Jolly Lies {Dex+4}
 49462 | Elf:3    | Identified the +11 rapier of Starshine {flame, *Noise +Inv
                  | rN+ Stlth+}
 49925 | Elf:3    | Identified the Tome of Damage Dealing
 49928 | Elf:3    | Identified the Volume of the Snowflakes
 49959 | Elf:3    | Identified a +0 pair of boots of running (You found it on
                  | level 3 of the Elven Halls)
 50230 | Elf:3    | Identified the Grimoire of the Glacier and Evil Magic
 50241 | Elf:3    | Identified the +1 chain mail of the Vestibule of Hell {rF+
                  | MR+ Str+2} (You found it on level 3 of the Elven Halls)
 50245 | Elf:3    | Identified the +2 short sword of the Dripping Big Fish
                  | {freeze, Dex+2} (You found it on level 3 of the Elven
                  | Halls)
 50804 | Elf:2    | Noticed Azrael
 50828 | Elf:2    | Killed Azrael
 50856 | Elf:2    | Received a gift from Okawaru
 52592 | Depths:1 | Entered Level 1 of the Depths
 52602 | Depths:1 | Reached skill level 20 in Fighting
 52681 | Depths:1 | Found a basalt altar of Yredelemnul.
 52684 | Depths:1 | Noticed a profane servitor
 52717 | Depths:1 | Killed a profane servitor
 52717 | Depths:1 | Received a gift from Okawaru
 53066 | Depths:1 | Found a gateway to a ziggurat.
 53113 | Depths:1 | Found a one-way gate leading to the halls of Pandemonium.
 53251 | Depths:1 | Reached skill level 15 in Axes
 53562 | Depths:1 | Found a gateway to Hell.
 54337 | Depths:2 | Received a gift from Okawaru
 54374 | Depths:2 | Reached XP level 24. HP: 177/206 MP: 30/33
 54421 | Depths:2 | Found a white marble altar of Elyvilon.
 54421 | Depths:2 | Found a shattered altar of Ashenzari.
 54610 | Depths:2 | Found a burning altar of Makhleb.
 55324 | Depths:2 | Reached skill level 21 in Fighting
 55555 | Depths:2 | Identified the +6 fustibalus of Ronira {freeze, rC+ MR+}
 55555 | Depths:2 | Noticed the Enchantress
 55889 | Depths:2 | Noticed a golden dragon
 55915 | Depths:2 | Killed a golden dragon
 56188 | Depths:2 | Received a gift from Okawaru
 56204 | Depths:2 | Noticed a juggernaut
 56275 | Depths:2 | Killed a juggernaut
 56275 | Depths:2 | Received a gift from Okawaru
 57529 | Depths:3 | Reached XP level 25. HP: 212/214 MP: 30/33
 57853 | Depths:3 | Received a gift from Okawaru
 57903 | Depths:3 | Received a gift from Okawaru
 57906 | Depths:3 | Identified the +3 spear of the Wolf {pain, rF- Str+2 Int+8
                  | Dex+4} (Okawaru gifted it to you on level 3 of the Depths)
 58339 | Depths:3 | Found a one-way gate to the infinite horrors of the Abyss.
 58356 | Depths:3 | Reached skill level 15 in Polearms
 59140 | Depths:3 | Received a gift from Okawaru
 59255 | Depths:4 | Reached skill level 22 in Fighting
 59609 | Depths:4 | You fall into a shaft and drop 1 floor!
 59609 | Depths:5 | Entered Level 5 of the Depths
 59708 | Depths:5 | Found Unkumy's Armour Shop.
 60079 | Depths:4 | Reached XP level 26. HP: 223/224 MP: 33/33
 60177 | Depths:4 | Noticed a juggernaut
 60216 | Depths:4 | Killed a juggernaut
 60292 | Depths:4 | Received a gift from Okawaru
 60753 | Depths:4 | Received a gift from Okawaru
 60832 | Depths:4 | Identified the +3 battleaxe of Siaffacryr {freeze, *Noise
                  | rC+ rN+ Dex+6}
 60898 | Depths:4 | Identified the Compendium of Transmigration and the Birds
 61066 | Depths:4 | Received a gift from Okawaru
 61069 | Depths:4 | Got a crude battleaxe {god gift}
 61074 | Depths:4 | Identified the +2 battleaxe of Wyrd {protect, rN+ Int+3}
                  | (Okawaru gifted it to you on level 4 of the Depths)
 62217 | Depths:5 | Found a runed translucent gate.
 62217 | Depths:5 | Found a runed translucent gate.
 62217 | Depths:5 | Found a runed translucent gate.
 62218 | Depths:5 | Noticed oldriver's ghost (master HaAs)
 62288 | Depths:5 | Killed oldriver's ghost
 62288 | Depths:5 | Received a gift from Okawaru
 62487 | Depths:5 | Bought a +0 cloak of preservation for 218 gold pieces
 62627 | Depths:5 | Found a gate to the Realm of Zot.
 62635 | Depths:5 | Reached XP level 27. HP: 210/233 MP: 22/33
 63327 | Depths:2 | Killed the Enchantress
 64066 | Crypt:1  | Entered Level 1 of the Crypt
 64211 | Crypt:1  | Reached skill level 23 in Fighting
 64444 | Crypt:1  | You fall into a shaft and drop 1 floor!
 64864 | Crypt:1  | Identified the +1 pair of gloves of the Unseen Realm {Harm
                  | Str+3} (You found it on level 1 of the Crypt)
 64984 | Crypt:2  | Reached skill level 15 in Armour
 65279 | Crypt:2  | Received a gift from Okawaru
 65283 | Crypt:2  | Found a basalt altar of Yredelemnul.
 65351 | Crypt:2  | Found the +9 scales of the Dragon King {rPois rF+ rC+ MR+}
 65917 | Crypt:3  | Entered Level 3 of the Crypt
 66017 | Crypt:3  | Received a gift from Okawaru
 66938 | Crypt:3  | Identified the cursed +0 bardiche "Cililesoic" {vorpal,
                  | Str+2 Int-2 Dex+6}
 67224 | Crypt:3  | Noticed Saint Roka
 67247 | Crypt:3  | Killed Saint Roka
 67561 | Crypt:3  | Received a gift from Okawaru
 67612 | Crypt:3  | Found a staircase to the Tomb.
 68176 | Crypt:3  | Found a basalt altar of Yredelemnul.
 68183 | Crypt:3  | Found an ancient bone altar of Kikubaaqudgha.
 68197 | Crypt:3  | Identified the Reference Book on Darkness
 68267 | Crypt:3  | Noticed Mennas
 68293 | Crypt:3  | Killed Mennas
 68828 | D:12     | Bought a potion of flight for 105 gold pieces
 68828 | D:12     | Bought a scroll of enchant armour for 262 gold pieces
 68864 | D:12     | Bought a scroll of enchant armour for 202 gold pieces
 69058 | Vaults:5 | Entered Level 5 of the Vaults
 69125 | Vaults:5 | Received a gift from Okawaru
 69160 | Vaults:5 | Received a gift from Okawaru
 69180 | Vaults:5 | Received a gift from Okawaru
 69224 | Vaults:5 | Noticed an ancient lich
 69239 | Vaults:5 | Killed an ancient lich
 69239 | Vaults:5 | Reached skill level 15 in Throwing
 69504 | Vaults:5 | Received a gift from Okawaru
 69504 | Vaults:5 | Reached skill level 24 in Fighting
 69550 | Vaults:5 | Identified the Almanac of Supportive Transformation
 69556 | Vaults:5 | Identified the ring "Cidaggav" {*Corrode rN+ MR+ Stlth-}
 69818 | Vaults:5 | Found Fufy's Assorted Antiques.
 70044 | Vaults:5 | Got a steaming brass amulet
 70138 | Vaults:5 | Got a silver rune of Zot
 70469 | Vaults:5 | Identified the amulet "Larum" {Inacc Dex+7} (You found it
                  | on level 5 of the Vaults)
 70773 | Vaults:5 | Identified the -6 pair of gloves of the Black Moon {Dex+3}
                  | (Okawaru gifted it to you on level 5 of the Vaults)
 70840 | Vaults:5 | Identified the cursed +0 scale mail of Midsummer {rC+} (You
                  | found it on level 5 of the Vaults)
 71912 | Zot:1    | Entered Level 1 of the Realm of Zot
 71950 | Zot:1    | Received a gift from Okawaru
 71969 | Zot:1    | Noticed an orb of fire
 72068 | Zot:1    | Gained mutation: You occasionally shout uncontrollably at
                  | your foes. [an orb of fire]
 72073 | Zot:1    | Killed an orb of fire
 72073 | Zot:1    | Received a gift from Okawaru
 72256 | Zot:1    | Received a gift from Okawaru
 72334 | Zot:1    | Got a distressingly furry plate armour {god gift}
 72431 | Zot:1    | Identified the +6 plate armour of Vampiric Thralls {Str+4}
                  | (Okawaru gifted it to you on level 1 of the Realm of Zot)
 72890 | Zot:1    | Acquired the amulet of Lawis {Reflect rElec rC- rN++ Int+2
                  | SH+5}
 73482 | Zot:2    | Reached skill level 25 in Fighting
 73596 | Zot:2    | Identified the +5 ring mail "Ragypeup" {rPois rN+} (You
                  | found it on level 2 of the Realm of Zot)
 73634 | Zot:2    | Received a gift from Okawaru
 73997 | Zot:2    | Noticed a Killer Klown
 73998 | Zot:2    | Noticed a Killer Klown
 74026 | Zot:2    | Killed a Killer Klown
 74062 | Zot:2    | Killed a Killer Klown
 74111 | Zot:2    | Identified the +12 dire flail "Ogrebane" {vorpal, rF+
                  | Dex+4}
 74500 | Zot:2    | Received a gift from Okawaru
 74901 | Zot:2    | Identified the +5 hunting sling of Success {vorpal, Str+5}
                  | (Okawaru gifted it to you on level 2 of the Realm of Zot)
 74965 | Zot:2    | Identified the +2 cloak "Zehonkutz" {Int+6} (Okawaru gifted
                  | it to you on level 2 of the Realm of Zot)
 75469 | Vaults:4 | Bought a potion of curing for 45 gold pieces
 75469 | Vaults:4 | Bought a potion of curing for 45 gold pieces
 75469 | Vaults:4 | Bought a potion of resistance for 150 gold pieces
 75469 | Vaults:4 | Bought a potion of stabbing for 60 gold pieces
 75888 | Zot:3    | Noticed a Killer Klown
 75905 | Zot:3    | Killed a Killer Klown
 75950 | Zot:3    | Received a gift from Okawaru
 76472 | Zot:4    | Acquired a manual of Shields
 76681 | Zot:4    | Received a gift from Okawaru
 77296 | Zot:4    | Received a gift from Okawaru
 77509 | Zot:5    | Entered Level 5 of the Realm of Zot
 77751 | Zot:5    | Reached skill level 26 in Fighting
 78135 | Zot:5    | Received a gift from Okawaru
 78493 | Zot:5    | Noticed a Killer Klown
 78523 | Zot:5    | Killed a Killer Klown
 78715 | Zot:5    | Noticed a Killer Klown
 78718 | Zot:5    | Noticed a Killer Klown
 78728 | Zot:5    | Killed a Killer Klown
 78730 | Zot:5    | Noticed a Killer Klown
 78736 | Zot:5    | Noticed an orb of fire
 78745 | Zot:5    | Killed an orb of fire
 78751 | Zot:5    | Killed a Killer Klown
 78775 | Zot:5    | Killed a Killer Klown
 78826 | Zot:5    | Noticed an ancient lich
 78855 | Zot:5    | Killed an ancient lich
 78855 | Zot:5    | Received a gift from Okawaru
 79183 | Zot:5    | Noticed a Killer Klown
 79204 | Zot:5    | Killed a Killer Klown
 79333 | Zot:5    | Noticed a Killer Klown
 79347 | Zot:5    | Killed a Killer Klown
 79377 | Zot:5    | Noticed a Killer Klown
 79390 | Zot:5    | Killed a Killer Klown
 79390 | Zot:5    | Received a gift from Okawaru
 79393 | Zot:5    | Identified the +0 kite shield of the Original Sin {MR+
                  | MP+9} (Okawaru gifted it to you on level 5 of the Realm of
                  | Zot)
 79467 | Zot:5    | Noticed an orb of fire
 79470 | Zot:5    | Gained mutation: Your muscles are strong. (Str +2) [an orb
                  | of fire]
 79477 | Zot:5    | Killed an orb of fire
 79528 | Zot:5    | Noticed a Killer Klown
 79540 | Zot:5    | Killed a Killer Klown
 79704 | Zot:5    | Noticed an ancient lich
 79715 | Zot:5    | Killed an ancient lich
 79715 | Zot:5    | Reached skill level 27 in Fighting
 80045 | Zot:3    | You fall into a shaft and drop 1 floor!
 80096 | Zot:3    | Received a gift from Okawaru
 80129 | Zot:3    | Received a gift from Okawaru
 80224 | Zot:3    | Identified the cursed -3 kite shield "Usoozy" {rElec Str+4
                  | SInv} (You found it on level 3 of the Realm of Zot)
 80501 | Zot:3    | You fall into a shaft and drop 1 floor!
 80693 | Zot:5    | Got the Orb of Zot
 81318 | D:1      | Noticed Herghuisugh the pandemonium lord
 81319 | D:$      | Escaped with the Orb!

Illustrated notes

Levels and vault maps discovered:
D:1:      dpeg_arrival_ternary, layout_basic
D:2:      layout_basic, lemuel_doored_altar, marbit_many_paths,
          nicolae_overflow_quartered_altars, uniq_sigmund, uniq_natasha
D:3:      layout_loops_cross, zin_treasury, nicolae_overflow_crystal_walls,
          hangedman_abyss_or_decor_lesser_grid, uniq_grinder
D:4:      layout_cave_pools, first_ration, kennysheep_generic_room_14,
          uniq_blork_the_orc
D:5:      cheibrodos_fzero, layout_loops_corners,
          grunt_temple_overflow_forces_of_nature, minmay_temple_entry_ruins,
          basic_altar, uniq_duvessa, uniq_menkaure
D:6:      layout_loops_ring
D:7:      layout_gridville, vehumet_altar_wand_db,
          nemelex_xobeh_ov_fountains_minmay
D:8:      layout_basic
D:9:      layout_cave_pools, orc_david_3
D:10:     nzn_motion_control, layout_long_grid, david_lair_shrubbed,
          enter_bailey_8
D:11:     layout_loops_ring, serial_shops, shop
D:12:     layout_irregular_city, serial_shops, nicolae_shop_stone,
          nicolae_shop_trees, nicolae_shop_crystal, kennysheep_mini_moat, shop,
          hangedman_fish_farm, nicolae_qazlal_general_emergency
D:13:     layout_rooms, ebering_dispersal_statue_hall
D:14:     layout_cave_pools, david_vaults_2, nrook_campfire,
          minmay_mirror_moons_of_madness
D:15:     grunt_enter_depths_magical_seal, layout_rooms, serial_shops, shop,
          nicolae_ru_awakened_eye
Lair:1:   layout_regular_city
Lair:2:   layout_cave_pods, elwin_shoals_entry_rooms,
          nicolae_spider_entry_non_spiders
Lair:3:   layout_regular_city
Lair:4:   minmay_lair_oklob_tunnel, layout_regular_city, gauntlet_entry_generic,
          uniq_snorg, uniq_nessos
Lair:5:   layout_small_grid, slime_dummy, basic_altar,
          nicolae_volcano_entry_hallway
Lair:6:   minmay_lair_end_enchanted_forest, layout_layer_cave, basic_altar,
          serial_bayou_shore_a
Shoals:1: layout_shoals, uniq_josephine, uniq_kirke
Shoals:2: cheibrodos_shoals_satyrical_garden, layout_shoals, abandoned_shop,
          uniq_aizul
Shoals:3: layout_shoals, nicolae_shoals_siren_and_animal_friends
Shoals:4: shoals_end_grunt_ice, layout_shoals, uniq_louise
Spider:1: layout_spider_delve, nicolae_crawler_farm
Spider:2: layout_spider_delve
Spider:3: layout_spider_delve, uniq_bai_suzhen, uniq_mara
Spider:4: spider_rune_water, uniq_roxanne
Orc:1:    layout_diamond_mine, uniq_maurice, uniq_jorgrun, uniq_erolcha
Orc:2:    grunt_orc_tribal_feast, layout_caves
Elf:1:    eino_elf_arrival_sip, layout_loops_cross, serial_shops, shop,
          kennysheep_underground_church, minivault_19
Elf:2:    layout_rooms, kilobyte_mutagenic_chamber, uniq_azrael
Elf:3:    elf_hall_gauntlet_narrow, layout_geoelf_octagon
Vaults:1: vaults_room_grid, v_misc_9, vaults_mumra_chevron_long,
          nicolae_vaults_asterisk, nicolae_vaults_little_squares_6, v_misc_24,
          nicolae_vaults_circle_grid_b, layout_vaults_omnigrid, serial_shops,
          shop, uniq_donald
Vaults:2: v_alt_pattern_4, v_misc_29, ontoclasm_vaults_ligature,
          nicolae_vaults_ninety_degrees, hangedman_vaults_stream,
          ontoclasm_vaults_shuriken, v_rooms_4,
          vaults_standard_mumra_enter_the_diamond, v_misc_8,
          vaults_dpeg_diagonal, v_alt_pattern_6, grunt_vaults_focal,
          layout_vaults_maze
Vaults:3: hangedman_vaults_impose, vaults_mumra_hex, grunt_vaults_diagonal,
          vaults_room_pool, grunt_vaults_bifocal, minmay_crypt_entry_simple_box,
          v_misc_26, vaults_mumra_chevron, nicolae_vaults_ring_of_whatevers,
          vaults_room_semicircle, v_misc_23, v_rooms_2, ontoclasm_vaults_chip,
          layout_vaults_ring
Vaults:4: v_misc_12, v_rooms_4, vaults_room_stairs_pillars,
          nicolae_vaults_little_squares_3, v_misc_33, v_misc_30, v_misc_27,
          nicolae_vaults_puzzle_piece, ontoclasm_vaults_hangar,
          layout_vaults_omnicross, serial_shops, nicolae_shop_waterfront
Vaults:5
Crypt:1:  layout_rooms
Crypt:2:  layout_misc_corridors, weyrava_vampire_temple
Crypt:3:  lightli_unholy_cathedral, layout_chaotic_city,
          tomb_entry_sphere_bobbens, uniq_saint_roka, uniq_mennas
Depths:1: layout_long_grid, enter_ziggurat_e, pan_entry, minmay_door_square,
          hangedman_tar_grid_catacomb, hangedman_blasphemy
Depths:2: hangedman_slaughterboxes, hell_entry, serial_shops, uniq_enchantress
Depths:3: minmay_expanding_squares, layout_cave_shapes, rand_demon_pan_entry_9,
          abyss_entry_small_statue_room, hell_entry,
          infiniplex_staircase_diamond, grunt_megastairs_4, serial_bayou_shore_b
Depths:4: grunt_arcs, layout_basic, hell_entry, abyss_entry,
          infiniplex_staircase_star, serial_bayou_shore_b
Depths:5: grunt_zot_entry_hairpin, layout_long_grid,
          chequers_serial_rivers_micro_d, ebering_ghost_rock_garden,
          serial_shops, shop, hell_entry, minmay_misc_feat_tiny
Zot:1:    kennysheep_bubbly, layout_twisted_circle
Zot:2:    cheibrodos_zot_enchanting_chambers, layout_basic, drop_trap,
          grunt_ministairs_3, guppyfry_library_mini
Zot:3:    minmay_elemental_castle, layout_gridlike, lemuel_elevator
Zot:4:    layout_onion_interference, grunt_megastairs_2
Zot:5:    layout_gridlike, skrybe_zot_glass_1

Skill      XL: |  1  2  3  4  5  6  7  8  9 10 11 12 13 14 15 16 17 18 19 20 21 22 23 24 25 26 27 |
---------------+----------------------------------------------------------------------------------+-----
Axes           | 4 5 6 8 10 11 12 13 15 16 17 19 | 19.2
Invocations    | 1 2 3 4 6 8 9 10 11 12 13 14 | 14.0
Shields        | 1 2 3 5 9 11 13 15 16 21 | 21.1
Armour         | 1 2 3 4 6 7 10 12 14 25 | 25.0
Dodging        | 3 4 5 6 7 8 9 10 11 14 | 14.0
Stealth        | 2 4 5 7 8 10 12 | 12.1
Evocations     | 2 4 6 7 |  7.0
Fighting       | 3 4 6 7 8 10 11 12 14 16 17 19 20 21 22 27 | 27.0
Polearms       | 1 6 9 10 11 12 14 15 | 15.3
Throwing       | 4 7 10 11 13 14 15 | 15.0
Slings         | 1 5 8 10 | 10.9

Action                   |  1- 3 |  4- 6 |  7- 9 | 10-12 | 13-15 | 16-18 | 19-21 | 22-24 | 25-27 || total
-------------------------+-------+-------+-------+-------+-------+-------+-------+-------+-------++-------
Melee: War axe           |    43 |   184 |   345 |   185 |       |       |       |       |       ||   757
       Unarmed           |     3 |       |       |       |       |       |       |       |       ||     3
       Halberd           |       |       |     4 |   467 |  1096 |  1567 |  1184 |  1018 |  1009 ||  6345
       Executioner's axe |       |       |       |       |   112 |    88 |   175 |    38 |   650 ||  1063
       Battleaxe         |       |       |       |       |       |       |     2 |   161 |  1612 ||  1775
 Fire: Hunting sling     |       |       |       |       |       |   145 |   155 |   768 |   372 ||  1440
       Fustibalus        |       |       |       |       |       |       |       |       |   617 ||   617
Throw: Throwing net      |     4 |     2 |       |       |       |       |     3 |       |       ||     9
       Stone             |       |     9 |     4 |    21 |       |       |       |       |       ||    34
       Dart              |       |     2 |    12 |     9 |    15 |     7 |    11 |       |       ||    56
       Boomerang         |       |       |       |    38 |   117 |    97 |    10 |    15 |    40 ||   317
       Javelin           |       |       |       |       |     3 |       |    23 |     7 |    42 ||    75
Invok: Heroism           |       |       |    10 |    27 |    25 |    16 |    13 |     4 |    26 ||   121
       Finesse           |       |       |       |     4 |     6 |     5 |     7 |     6 |    18 ||    46
 Abil: Dig               |       |     3 |     1 |    12 |    38 |    27 |     9 |     9 |    23 ||   122
       Shaft Self        |       |     1 |       |       |       |       |       |       |     1 ||     2
Evoke: Wand              |       |     1 |       |    12 |    11 |     3 |    17 |       |     4 ||    48
       Phial of floods   |       |       |       |       |     1 |       |       |       |       ||     1
  Use: Scroll            |     6 |     3 |     9 |    11 |    12 |    10 |     1 |     9 |    27 ||    88
       Potion            |       |     1 |       |     5 |     5 |     5 |     8 |       |     4 ||    28
 Stab: Held in net/web   |     2 |     1 |       |       |       |       |       |       |       ||     3
       Sleeping          |       |       |     6 |    26 |    15 |     6 |    34 |    19 |     2 ||   108
       Distracted        |       |       |       |     1 |     5 |     3 |     2 |     2 |     3 ||    16
       Paralysed         |       |       |       |       |     1 |       |       |     2 |       ||     3
       Invisible         |       |       |       |       |       |       |     4 |       |       ||     4
  Eat: Chunk             |       |     8 |    13 |    16 |    20 |    18 |    17 |    20 |    21 ||   133
       Ration            |       |       |     1 |     4 |     7 |     6 |     4 |     7 |    17 ||    46
Armor: Leather armour    |    16 |    34 |       |       |       |       |       |       |       ||    50
       Ring mail         |       |    43 |    82 |    43 |   212 |   403 |   153 |   117 |   289 ||  1342
       Troll leather arm |       |       |       |    65 |    34 |       |       |       |       ||    99
       Fire dragon scale |       |       |       |       |    21 |       |       |       |       ||    21
       Ice dragon scales |       |       |       |       |    11 |       |       |       |       ||    11
       Gold dragon scale |       |       |       |       |       |       |       |       |   139 ||   139
       Acid dragon scale |       |       |       |       |       |       |       |       |    63 ||    63
Dodge: Dodged            |    30 |   110 |   171 |   291 |   391 |   574 |   343 |   245 |  1063 ||  3218
       Repelled          |       |       |       |       |       |       |    32 |    38 |    29 ||    99
Block: Buckler           |       |     4 |    94 |   108 |    41 |       |       |       |       ||   247
       Kite shield       |       |       |       |       |   354 |       |       |       |       ||   354
       Tower shield      |       |       |       |       |   126 |  1489 |  1033 |   814 |  2759 ||  6221
       Reflection        |       |       |       |       |       |       |       |       |    87 ||    87
